Construct Infanterie Kompanie
Construct Panzergrenadier Kompanie
Infanterie Officer Quarters
Selects Mechanized Battlegroup
Selects StuG Assault Group
Panzergrenadier Officer Quarters
Selects Mobile Repair Stations
Pak 40 Anti-tank Gun Team
Construct Panzer Kompanie
Selects Wespe Self-propelled Artillery
Wespe Self-propelled Artillery